 Dungeon Crawl Stone Soup version 0.31.0-11-ge490571c62 (webtiles) character file.

Game seed: 2459726576208381777

23 4298826198 the Sneak (level 3, -5/16 HPs)
             Began as a Vine Stalker Enchanter on Jan 30, 2024.
             Slain by a ribbon worm (6 damage)
             ... on level 2 of the Dungeon.
             The game lasted 00:02:45 (855 turns).

4298826198 the Sneak (Vine Stalker Enchanter)        Turns: 855, Time: 00:02:45

Health: -5/16      AC:  2    Str: 10    XL:     3   Next: 0%
Magic:  0/7        EV: 12    Int: 15    God:
Gold:   0          SH:  0    Dex: 16    Spells: 6/6 levels left

rFire   . . .        a - +1 dagger
rCold   . . .        (no shield)
rNeg    . . .        b - +0 robe
rPois   .            (no helmet)
rElec   .            (no cloak)
rCorr   .            (no gloves)
SInv    .            (no boots)
Will    .....        (no amulet)
Stlth   +            (no ring)
HPRegen 1.02/turn    (no ring)
MPRegen 0.10/turn

%: guardian spirit
@: confused
A: fangs 2, regeneration 1, magic shield, antimagic bite, no potion heal 2
a: no special abilities


You were on level 2 of the Dungeon.
You visited 1 branch of the dungeon, and saw 2 of its levels.

Inventory:

Hand Weapons
 a - a +1 dagger (weapon)
Armour
 b - a +0 robe (worn)
Scrolls
 f - a scroll of brand weapon {unknown}
Potions
 c - 2 potions of invisibility
 d - 2 potions of heal wounds {unknown}
 e - a potion of resistance {unknown}


   Skills:
 + Level 0.2 Fighting
 + Level 1.1 Short Blades
 + Level 1.8 Dodging
 + Level 4.1 Stealth
 + Level 2.4 Spellcasting
 + Level 3.2 Hexes


You had 6 spell levels left.
You didn't know any spells.
Your spell library contained the following spells:

 Spells                   Type           Power      Damage    Failure   Level
 Ensorcelled Hibernation  Hex/Ice        12%        N/A       17%         2
 Confusing Touch          Hex            11%        N/A       17%         3
 Tukima's Dance           Hex            11%        N/A       17%         3
 Dazzling Flash           Conj/Hex       12%        N/A       32%         3


Dungeon Overview and Level Annotations

Branches:
Dungeon (2/15)

Altars:

Shops:
D:1 :(

Annotations:
D:2 Sigmund


Innate Abilities, Weirdness & Mutations

You have extremely sharp teeth.
Your natural rate of healing is unusually fast.
When hurt, damage is shared between your health and your magic reserves.
Your bite disrupts and absorbs the magic of your enemies.
Potions cannot restore your health.


Message History

The puff of flame misses you.
There is an open door here.
A goblin comes into view. It is wielding a +0 dagger.
Found 16 gold pieces.
Sigmund gestures at you while chanting. You resist with significant effort.
The goblin shouts!
Sigmund gestures wildly while chanting.
Sigmund flickers and vanishes!
Deactivating autopickup; reactivate with Ctrl-A.
Found a scroll labelled HADYAKHUGH.
A ribbon worm comes into view.
Found a book of Callings.
You hit the goblin.
You kill the goblin!
You have reached level 3!
Your experience leads to an increase in your attributes!
Increase (S)trength, (I)ntelligence, or (D)exterity?
You feel agile. x2
Found a stone staircase leading down.
The ribbon worm expels a string of sticky webbing.
The stream of webbing hits you but does no damage.
You are caught in a web!
There is a web here.
You struggle to detach yourself from the web.
Something hits you!
Ouch! That really hurt!
Something freezes you.
* * * LOW HITPOINT WARNING * * *
The web tears apart.
The ribbon worm bites you.
* * * LOW HITPOINT WARNING * * *
You hit the ribbon worm. You bite the ribbon worm. You drain its power.
You feel invigorated.
The ribbon worm is lightly wounded.
You hear some strange, mumbled words.
You are confused.
You're too confused to move!
Something hits you!
* * * LOW HITPOINT WARNING * * *
Something freezes you. The ribbon worm bites you.
You die...

#.# #.# ..# ### #.#
... #######.##?#
...........###.
.........>.....
....:..w@# #
##.#####.##.#
........)...###
......$..............
#.#......###.########
.......#.# #........
#.#....#.# #.#######
#.#....#.# #.#
#.#....#.# #.#


You could see a ribbon worm.

Vanquished Creatures
  2 dart slugs (D:1)
  2 endoplasms (D:1)
  4 goblins
  A hobgoblin (D:1)
  2 quokkas (D:1)
  2 ball pythons (D:1)
  2 bats (D:1)
  A frilled lizard (D:1)
  2 rats (D:1)
18 creatures vanquished.

Notes
Turn   | Place    | Note
-------+----------+-------------------------------------------
     0 | D:1      | 4298826198 the Vine Stalker Enchanter began the quest for
                  | the Orb.
     0 | D:1      | Reached XP level 1. HP: 9/9 MP: 4/4
   158 | D:1      | Found Ketrutyi's Weapon Shoppe.
   170 | D:1      | Reached XP level 2. HP: 11/13 MP: 1/6
   186 | D:1      | Reached skill level 4 in Stealth
   236 | D:1      | Reached skill level 1 in Short Blades
   301 | D:1      | Found Nalateh's Book Shoppe.
   818 | D:2      | Noticed Sigmund
   851 | D:2      | Reached XP level 3. HP: 16/16 MP: 7/7
   855 | D:2      | Slain by a ribbon worm

Illustrated notes

Levels and vault maps discovered:
D:1:      dpeg_arrival_orchard, layout_basic, serial_shops, shop, shop, shop,
          minmay_3d_cube
D:2:      layout_basic, uniq_sigmund

Skill      XL: |  1  2 |
---------------+-------+-----
Stealth        | 4 |  4.1
Short Blades   | 1 |  1.1
Fighting       | |  0.2
Dodging        | |  1.8
Spellcasting   | |  2.4
Hexes          | |  3.2

Action                     || total
---------------------------++-------
  Melee: Dagger            ||    51
         Bite              ||    11
         Punch             ||     1
   Stab: Sleeping          ||     3
 Armour: Robe              ||    40
  Dodge: Dodged            ||    29
